 Dungeon Crawl Stone Soup version 0.28-a0-258-g8de209e91f (webtiles) character file.

Game seed: 10814229334535785592

177 graki42 the Shield-Bearer (level 5, -3/37 HPs)
             Began as an Octopode Fighter on Aug 26, 2021.
             Slain by an orc (5 damage)
             ... on level 4 of the Dungeon.
             The game lasted 00:05:20 (2733 turns).

graki42 the Shield-Bearer (Octopode Fighter)        Turns: 2733, Time: 00:05:20

Health: -3/37      AC:  1    Str: 15    XL:     5   Next: 57%
Magic:  5/5        EV: 12    Int: 10    God:
Gold:   123        SH:  9    Dex: 13    Spells: 4/4 levels left

rFire   . . .      SeeInvis .   a - +0 long sword
rCold   . . .      Faith    .   b - +0 kite shield
rNeg    + . .      Spirit   .   (helmet restricted)
rPois   .          Reflect  .   (no amulet)
rElec   .          Harm     .   e - ring of positive energy
rCorr   .          Rampage  .   (no ring)
Will    .....                   (no ring)
Stlth   ++........              (no ring)
HPRegen 0.12/turn               (no ring)
MPRegen 0.09/turn               (no ring)
                                (no ring)
                                (no ring)

@: no status effects
A: almost no armour, amphibious, 8 rings, camouflage 1, gelatinous body 1,
(nimble swimmer 1), tentacles
a: no special abilities


You were on level 4 of the Dungeon.
You visited 1 branch of the dungeon, and saw 4 of its levels.

You collected 123 gold pieces.

Inventory:

Hand Weapons
 a - a +0 long sword (weapon)
Armour
 b - a +0 kite shield (worn)
Magical Staves
 n - a staff of air
Jewellery
 e - a ring of positive energy (left tentacle)
Wands
 c - a wand of digging (3)
 o - a wand of polymorph (2)
Scrolls
 g - a scroll of enchant armour
 j - a scroll of fog
Potions
 h - 2 potions of flight {unknown}
 i - a potion of degeneration {unknown}
 l - a potion of curing {unknown}


   Skills:
 + Level 3.9 Fighting
 + Level 3.2 Long Blades
 + Level 3.9 Dodging
 + Level 4.0 Shields


You had 4 spell levels left.
You didn't know any spells.
Your spell library was empty.

Dungeon Overview and Level Annotations

Branches:
Dungeon (4/15)
 Temple: D:4-7

Altars:
Beogh


Innate Abilities, Weirdness & Mutations

You cannot wear most types of armour.
You are amphibious.
You can wear up to eight rings at the same time.
Your skin changes colour to match your surroundings (Stealth+).
Your rubbery body absorbs attacks. (AC +1, EV +1)
((You are camouflaged near water. (Stealth+)))
You have tentacles for arms and can constrict up to eight enemies at once.


Message History

The quokka is severely wounded.
You constrict the quokka.
You kill the quokka!
The dart slug launches a dart at you. The slug dart misses you.
You hit the dart slug. You grab the dart slug.
The dart slug is heavily wounded.
You constrict the dart slug. The dart slug launches a dart at you.
The slug dart hits you.
You hit the dart slug but do no damage. You squeeze the dart slug.
You kill the dart slug!
Your Shields skill increases to level 4!
An orc priest comes into view. It is wielding a +0 dagger.
An orc comes into view. It is wielding a +0 whip.
An orc comes into view. It is wielding a +0 short sword.
The orc moves out of view.
An orc wizard comes into view. It is wielding a +0 dagger.
Okay, then.
As you read the scroll of fog, it crumbles to dust.
The scroll dissolves into smoke.
Unknown command.
You hear the slow rusting of a very distant drain.
You block the orc priest's attack.
The orc wizard shouts!
You closely miss the orc priest.
The orc shouts!
Your grab misses the orc priest. You squeeze the orc priest.
The orc priest is heavily wounded.
You hear a shout!
The orc wizard gestures at you while chanting.
The magic dart hits you!
The orc priest hits you with a +0 dagger.
* * * LOW HITPOINT WARNING * * *
The orc wizard points at you and mumbles some strange words.
You resist with some effort.
The orc priest hits you with a +0 dagger.
* * * LOW HITPOINT WARNING * * *
The orc hits you with a +0 short sword.
You die...

........##..........
.........#..........
..............#...#.
..$...##....###...##
o..........## #####
..###....### ###§..#
...####§§§###
..o§o@o§###
.##§o§§## ...§##§§
... .. .. ###


You could see an orc priest, an orc wizard and an orc.

Vanquished Creatures
  Jessica (D:2)
  Ijyb (D:3)
  Terence (D:3)
  Robin (D:3)
  6 dart slugs
  An orc (D:3)
  A ball python (D:4)
  3 bats
  5 endoplasms
  5 giant cockroaches (D:1)
  12 goblins
  11 hobgoblins
  4 jackals (D:1)
  5 quokkas
  5 frilled lizards
  3 kobolds
  4 rats (D:1)
69 creatures vanquished.

Notes
Turn   | Place    | Note
-------+----------+-------------------------------------------
     0 | D:1      | graki42 the Octopode Fighter began the quest for the Orb.
     0 | D:1      | Reached XP level 1. HP: 16/16 MP: 1/1
   248 | D:1      | Reached XP level 2. HP: 12/21 MP: 2/2
   645 | D:1      | Reached XP level 3. HP: 24/26 MP: 3/3
   945 | D:1      | Found a faded altar of an unknown god.
  1225 | D:2      | Noticed Jessica
  1231 | D:2      | Killed Jessica
  1232 | D:2      | Reached XP level 4. HP: 24/31 MP: 4/4
  1821 | D:3      | Noticed Terence
  1827 | D:3      | Killed Terence
  1973 | D:3      | Noticed Robin
  1988 | D:3      | Reached XP level 5. HP: 26/37 MP: 5/5
  2007 | D:3      | Killed Robin
  2298 | D:3      | Noticed Ijyb
  2315 | D:3      | Killed Ijyb
  2707 | D:4      | Reached skill level 4 in Shields
  2733 | D:4      | Slain by an orc

Illustrated notes

Levels and vault maps discovered:
D:1:      heliophobic_arrival_battle_scene, layout_loops_ring,
          hellmonk_ecumenical_altar_defaced_shrine, minmay_tetromino_s4
D:2:      layout_basic, uniq_jessica
D:3:      layout_loops_cross, uniq_terence, uniq_robin, uniq_ijyb
D:4:      layout_cave_pools, portal_sewer_entry_e

Skill      XL: |  1  2  3  4  5 |
---------------+----------------+-----
Long Blades    | 3 |  3.2
Shields        | 4 |  4.0
Fighting       | |  3.9
Dodging        | |  3.9

Action                   |  1- 3 |  4- 6 || total
-------------------------+-------+-------++-------
Melee: Long sword        |    48 |    53 ||   101
       Constrict         |    15 |    18 ||    33
       Tentacles         |     6 |    15 ||    21
       Unarmed           |       |    11 ||    11
  Use: Scroll            |       |     6 ||     6
       Potion            |       |     1 ||     1
 Stab: Sleeping          |     8 |     6 ||    14
Armor: Skin              |     4 |     5 ||     9
Dodge: Dodged            |    15 |    25 ||    40
Block: Kite shield       |    14 |    22 ||    36
       Rpst.: Long sword |     7 |     6 ||    13

Table legend: (Time is in decaauts)
 A = Elapsed time spent in this place.
 B = Non-inter-level travel time spent in this place.
 C = Inter-level travel time spent in this place.
 D = Time resting spent in this place.
 E = Time spent auto-exploring this place.
 F = Levels seen in this place.
 G = Mean time per level.
                   A        B        C        D        E       F      G
               +--------+--------+--------+--------+--------+-----+--------+
         Total |   2782 |   2721 |     61 |    226 |   1971 |   4 |  695.5 |
       Dungeon |   2782 |   2721 |     61 |    226 |   1971 |   4 |  695.5 |
               +--------+--------+--------+--------+--------+-----+--------+

Top non-repeatable levels by time:
     D:1: 1089 daAuts
     D:3: 1033 daAuts
     D:2: 592 daAuts
     D:4: 66 daAuts
